 Dungeon Crawl Stone Soup version 0.28-a0-199-g298df9dbad (webtiles) character file.

Game seed: 5890202797329492000

136 zdrol the Chopper (level 4, 0/41 HPs)
             Began as a Minotaur Monk on Aug 19, 2021.
             Slain by Sigmund (6 damage)
             ... on level 3 of the Dungeon.
             The game lasted 00:15:51 (2862 turns).

zdrol the Chopper (Minotaur Monk)                   Turns: 2862, Time: 00:15:51

Health: 0/41       AC:  9    Str: 16    XL:     4   Next: 98%
Magic:  3/3        EV: 10    Int:  7    God:
Gold:   114        SH:  0    Dex: 13    Spells: 3/3 levels left

rFire   . . .      SeeInvis .   c - +0 war axe
rCold   . . .      Faith    .   (no shield)
rNeg    + . .      Spirit   .   o - +0 scale mail
rPois   .          Reflect  .   (helmet restricted)
rElec   .          Harm     .   (no cloak)
rCorr   .          Rampage  .   (no gloves)
Will    .....                   k - +2 pair of boots
Stlth   +.........              (no amulet)
HPRegen 0.13/turn               g - ring of positive energy
MPRegen 0.08/turn               (no ring)

@: no status effects
A: horns 2, retaliatory headbutt
a: no special abilities


You were on level 3 of the Dungeon.
You visited 1 branch of the dungeon, and saw 3 of its levels.

You collected 114 gold pieces.

Inventory:

Hand Weapons
 a - a +0 hand axe
 c - a +0 war axe (weapon)
 p - a +1 short sword of holy wrath
Missiles
 i - 5 poisoned darts (quivered)
 q - 3 silver boomerangs
Armour
 b - a +0 robe
 k - a +2 pair of boots (worn)
 o - a +0 scale mail (worn)
Jewellery
 g - a ring of positive energy (left hand)
Scrolls
 e - a scroll of fear {unknown}
 f - a scroll of blinking {unknown}
 h - a scroll of enchant weapon {unknown}
 n - a scroll of identify {unknown}
 r - a scroll of teleportation {unknown}
Potions
 d - a potion of berserk rage {unknown}
 j - a potion of lignification {unknown}
 l - a potion of heal wounds {unknown}
 m - a potion of flight {unknown}


   Skills:
 + Level 4.4 Fighting
 + Level 5.0 Axes
 + Level 0.1 Throwing
 + Level 0.6 Armour
 + Level 4.0 Dodging
 + Level 2.5 Stealth


You had 3 spell levels left.
You didn't know any spells.
Your spell library contained the following spells:

 Spells                   Type           Power      Damage    Failure   Level
 Ozocubu's Armour         Ice            0%         N/A       99%         3
 Ozocubu's Refrigeration  Ice            0%         4d5       100%        7


Dungeon Overview and Level Annotations

Branches:
Dungeon (3/15)

Altars:
Xom

Annotations:
D:3 Sigmund


Innate Abilities, Weirdness & Mutations

You have a pair of horns on your head.
You reflexively headbutt those who attack you in melee.


Message History

Aim: Sigmund, wielding a +0 scythe, wearing a +0 robe and carrying a wand of flame (15) (55% to hit)
You throw a poisoned dart.
The poisoned dart barely misses Sigmund.
Throw: 8 darts (poison)
Press: ? - help, Q - select action, (/) - cycle Shift-Dir - straight line, f/p - Sigmund
Aim: Sigmund, wielding a +0 scythe, wearing a +0 robe and carrying a wand of flame (15) (55% to hit)
You throw a poisoned dart. The poisoned dart hits Sigmund.
Sigmund is poisoned.
Sigmund points at you and mumbles some strange words.
You resist with some effort.
Throw: 7 darts (poison)
Press: ? - help, Q - select action, (/) - cycle Shift-Dir - straight line, f/p - Sigmund
Aim: Sigmund, wielding a +0 scythe, wearing a +0 robe and carrying a wand of flame (15) (lightly wounded, poisoned, 55% to hit)
You throw a poisoned dart. The poisoned dart hits Sigmund.
Sigmund is lightly wounded.
Sigmund hits you from afar with a +0 scythe!
Sigmund says, "Look into my eyes."
Throw: 6 darts (poison)
Press: ? - help, Q - select action, (/) - cycle Shift-Dir - straight line, f/p - Sigmund
Aim: Sigmund, wielding a +0 scythe, wearing a +0 robe and carrying a wand of flame (15) (moderately wounded, poisoned, 55% to hit)
You throw a poisoned dart. The poisoned dart hits Sigmund.
Sigmund is moderately wounded.
Sigmund looks more healthy.
Sigmund zaps a wand.
The puff of flame hits you!
Sigmund casts a spell.
Sigmund flickers and vanishes!
Deactivating autopickup; reactivate with Ctrl-A.
You hit something. Your headbutt misses something.
You hear a zap.
A puff of flame appears from out of thin air!
The puff of flame hits you.
You closely miss something.
You hear some strange, mumbled words.
A magic dart appears from out of thin air!
The magic dart hits you!
* * * LOW HITPOINT WARNING * * *
Something hits you.
* * * LOW HITPOINT WARNING * * *
You barely miss something.
Unknown command.
You miss something. Your headbutt misses something. Something hits you.
You die...

...###........#
##..............## ##
#...#............. . ....
...........## ###. ##...#
#.........# ..#
.##(..##..#.#####.......... ...
.......#.##.#.............. ##⌠#
#((w{................. ##...##
#..##@.#.....#........ #.♣.♣.##
#..###.###.##.......... .≈^≈≈..#
.#.# #.###.##.#........
_≈.≈^#_#.... ###.##.............#
≈≈≈__^_⌠.### #.......###.###.....
^_≈.≈#♣### #....#.## #.###.....
....≈≈## #......####.........
#.≈__♣### ####....(#.....##......
##≈_^##.###.......#..###.##......


You could see a worm.

Vanquished Creatures
  A hound (D:3)
  An adder (D:2)
  A worm (D:3)
  A dart slug (D:2)
  9 orcs (D:3)
  5 endoplasms
  4 giant cockroaches
  A goblin (D:1)
  7 hobgoblins
  8 jackals
  6 kobolds
  7 quokkas
  10 ball pythons
  5 bats
  4 frilled lizards
  3 rats
73 creatures vanquished.

Vanquished Creatures (others)
  7 plants (D:3)
7 creatures vanquished.

Grand Total: 80 creatures vanquished

Notes
Turn   | Place    | Note
-------+----------+-------------------------------------------
     0 | D:1      | zdrol the Minotaur Monk began the quest for the Orb.
     0 | D:1      | Reached XP level 1. HP: 19/19 MP: 0/0
   159 | D:1      | Reached XP level 2. HP: 27/27 MP: 1/1
   240 | D:1      | Reached skill level 4 in Axes
   741 | D:1      | Reached XP level 3. HP: 33/33 MP: 2/2
   878 | D:1      | Found a faded altar of an unknown god.
  1770 | D:2      | Reached XP level 4. HP: 34/40 MP: 3/3
  2423 | D:3      | Reached skill level 5 in Axes
  2788 | D:3      | Found a shimmering altar of Xom.
  2789 | D:3      | Found a shimmering altar of Xom.
  2789 | D:3      | Found a shimmering altar of Xom.
  2792 | D:3      | Found a shimmering altar of Xom.
  2792 | D:3      | Found a shimmering altar of Xom.
  2792 | D:3      | Found a shimmering altar of Xom.
  2793 | D:3      | Found a shimmering altar of Xom.
  2794 | D:3      | Found a shimmering altar of Xom.
  2796 | D:3      | Found a shimmering altar of Xom.
  2844 | D:3      | Noticed Sigmund
  2862 | D:3      | Slain by Sigmund

Illustrated notes

Levels and vault maps discovered:
D:1:      nzn_arrival_depleted_hourglass, layout_basic,
          ebering_ecumenical_altar_ruins
D:2:      layout_loops_corners, grunt_ministairs_9
D:3:      layout_rooms, xom_redecorated, serial_bayou_lagoon_b, uniq_sigmund

Skill      XL: |  1  2  3  4 |
---------------+-------------+-----
Fighting       | 4 |  4.4
Axes           | 4 5 |  5.0
Stealth        | 2 |  2.5
Dodging        | 4 |  4.0
Throwing       | |  0.1
Armour         | |  0.6

Action                   |  1- 3 |  4- 6 || total
-------------------------+-------+-------++-------
Melee: Hand axe          |    17 |       ||    17
       Headbutt          |    14 |     6 ||    20
       War axe           |    70 |    39 ||   109
Throw: Dart              |       |     9 ||     9
 Stab: Sleeping          |    13 |       ||    13
Armor: Robe              |     7 |     3 ||    10
       Scale mail        |       |     8 ||     8
Dodge: Dodged            |    56 |    28 ||    84

Table legend: (Time is in decaauts)
 A = Elapsed time spent in this place.
 B = Non-inter-level travel time spent in this place.
 C = Inter-level travel time spent in this place.
 D = Time resting spent in this place.
 E = Time spent auto-exploring this place.
 F = Levels seen in this place.
 G = Mean time per level.
                   A        B        C        D        E       F      G
               +--------+--------+--------+--------+--------+-----+--------+
         Total |   2895 |   2895 |      0 |    141 |   1709 |   3 |  965.0 |
       Dungeon |   2895 |   2895 |      0 |    141 |   1709 |   3 |  965.0 |
               +--------+--------+--------+--------+--------+-----+--------+

Top non-repeatable levels by time:
     D:1: 1094 daAuts
     D:2: 1087 daAuts
     D:3: 713 daAuts
